 Dungeon Crawl Stone Soup version 0.30-a0-365-ge7f957f1db (webtiles) character file.

Game seed: 4589576288806975773

210 retardedninja the Covered (level 5, 0/47 HPs)
             Began as a Minotaur Fighter on Nov 16, 2022.
             Killed by nerve-wracking pain
             ... invoked by an orc priest
              (8 damage)
             ... on level 4 of the Dungeon on Nov 17, 2022.
             The game lasted 00:04:33 (2738 turns).

retardedninja the Covered (Minotaur Fighter)        Turns: 2738, Time: 00:04:34

Health: 0/47       AC: 11    Str: 22    XL:     5   Next: 56%
Magic:  4/4        EV:  9    Int:  5    God:
Gold:   179        SH:  5    Dex: 10    Spells: 4/4 levels left

rFire   . . .      SeeInvis .    a - +0 war axe
rCold   . . .      Faith    .    c - +0 buckler
rNeg    . . .      Spirit   .    b - +0 scale mail
rPois   .          Reflect  .    (helmet restricted)
rElec   .          Harm     .    r - +0 cloak
rCorr   .          Rampage  .    (no gloves)
Will    .....                    v - +2 pair of boots
Stlth   ..........               g - amulet of the acrobat
HPRegen 0.27/turn                (no ring)
MPRegen 0.09/turn                (no ring)

@: no status effects
A: horns 2, retaliatory headbutt
a: no special abilities


You were on level 4 of the Dungeon.
You visited 1 branch of the dungeon, and saw 4 of its levels.

You collected 179 gold pieces.

Inventory:

Hand Weapons
 a - a +0 war axe (weapon)
Armour
 b - a +0 scale mail (worn)
 c - a +0 buckler (worn)
 r - a +0 cloak (worn)
 v - a +2 pair of boots (worn)
Jewellery
 g - an amulet of the acrobat (around neck)
Wands
 d - a wand of quicksilver (7)
Scrolls
 e - 2 scrolls of butterflies {unknown}
 j - 2 scrolls of fear {unknown}
 l - 2 scrolls of teleportation {unknown}
 m - a scroll of identify {unknown}
 o - a scroll of vulnerability {unknown}
 p - 2 scrolls of enchant armour {unknown}
 s - a scroll of noise {unknown}
 u - a scroll of blinking {unknown}
Potions
 f - 3 potions of curing
 h - a potion of heal wounds {unknown}
 i - a potion of lignification {unknown}
 k - 2 potions of degeneration {unknown}
 n - 2 potions of magic {unknown}
 q - 2 potions of cancellation {unknown}
 t - a potion of haste {unknown}


   Skills:
 + Level 4.8 Fighting
 + Level 4.1 Axes
 + Level 5.0 Armour
 + Level 4.9 Shields


You had 4 spell levels left.
You didn't know any spells.
Your spell library contained the following spells:

 Spells                   Type           Power      Damage    Failure   Level
 Beastly Appendage        Tmut           0%         N/A       86%         1
 Freeze                   Ice            0%         1d3       86%         1
 Scorch                   Fire           0%         2d5       95%         2
 Wereblood                Tmut           0%         N/A       95%         2
 Frozen Ramparts          Ice            0%         1d1       99%         3
 Hailstorm                Conj/Ice       0%         3d3       99%         3
 Spider Form              Tmut/Pois      0%         N/A       99%         3
 Flame Wave               Conj/Fire      0%         2d4       100%        4
 Summon Cactus Giant      Summ           0%         N/A       100%        6


Dungeon Overview and Level Annotations

Branches:
Dungeon (4/15)             Temple (0/1) D:4

Altars:
Wu Jian


Innate Abilities, Weirdness & Mutations

You have a pair of horns on your head.
You reflexively headbutt those who attack you in melee.


Message History

There is an open door here.
You slash the ball python!
You kill the ball python!
An orc priest comes into view. It is wielding a +0 hand axe.
Found a staircase to the Ecumenical Temple.
The orc priest shouts!
You block the endoplasm's attack.
You slash the endoplasm!
You kill the endoplasm!
The orc priest hits you but does no damage.
You hit the ogre.
The ogre is lightly wounded.
You barely miss the orc priest.
The orc priest hits you with a +0 hand axe.
The ogre hits you with a +0 giant spiked club!!
You are too injured to fight recklessly!
You are too injured to fight recklessly!
You are too injured to fight recklessly!
You are too injured to fight recklessly!
You are too injured to fight recklessly!
You are too injured to fight recklessly!
You are too injured to fight recklessly!
You are too injured to fight recklessly!
You are too injured to fight recklessly!
It was a potion of curing.
You feel better. The orc priest completely misses you.
You hit the ogre but do no damage.
You headbutt the ogre, but do no damage.
The ogre is lightly wounded.
You barely miss the orc priest.
The ogre hits you with a +0 giant spiked club!
* * * LOW HITPOINT WARNING * * *
The orc priest calls down the wrath of Beogh upon you.
Beogh smites you!
* * * LOW HITPOINT WARNING * * *
Okay, then.
You feel better.
The orc priest invokes the aid of Beogh against you.
Pain shoots through your body!
You die...

######## #......#
#......#
####......##
#..'@O....'.
#.##o.....##
#.##......#
#.#.......#
#.#.####### ##.#>
##..####
###########......#
.........##.#....#
#####


You could see an ogre and an orc priest.

Vanquished Creatures
  Ijyb (D:4)
  An orc wizard (D:4)
  4 adders
  4 gnolls
  A worm (D:2)
  2 dart slugs
  5 orcs
  A bat (D:2)
  6 endoplasms
  9 goblins
  7 hobgoblins
  4 jackals (D:2)
  7 kobolds
  5 quokkas
  3 ball pythons
  5 frilled lizards
  4 rats
69 creatures vanquished.

Notes
Turn   | Place    | Note
-------+----------+-------------------------------------------
     0 | D:1      | retardedninja the Minotaur Fighter began the quest for the
                  | Orb.
     0 | D:1      | Reached XP level 1. HP: 19/19 MP: 0/0
   261 | D:1      | Reached XP level 2. HP: 27/27 MP: 1/1
   278 | D:1      | Reached skill level 4 in Armour
   682 | D:1      | Reached XP level 3. HP: 33/33 MP: 2/2
   998 | D:2      | Reached XP level 4. HP: 37/40 MP: 3/3
  2056 | D:3      | Found an ornate altar of the Wu Jian Council.
  2187 | D:4      | Reached XP level 5. HP: 46/47 MP: 4/4
  2317 | D:4      | Identified the +2 mace of the Seven Seas {vorpal, Int+2}
  2491 | D:4      | Noticed Ijyb
  2498 | D:4      | Killed Ijyb
  2502 | D:4      | Reached skill level 5 in Armour
  2731 | D:4      | Noticed an ogre
  2733 | D:4      | Found a staircase to the Ecumenical Temple.
  2737 | D:4      | HP: 1/47 [orc priest/divine providence (13)]
  2738 | D:4      | Killed from afar by an orc priest

Illustrated notes

Levels and vault maps discovered:
D:1:      spicycebolla_arrival_ecumenical, layout_loops_ring,
          corexii_corridor_pit, wad_floor_pattern_untrapped, minivault_26,
          minmay_crystal_water
D:2:      layout_rooms
D:3:      layout_basic, nzn_wu_jian_council_hall
D:4:      layout_basic, minmay_temple_entry_proselytizer, uniq_ijyb

Skill      XL: |  1  2  3  4  5 |
---------------+----------------+-----
Armour         | 4 5 |  5.0
Fighting       | 4 |  4.8
Shields        | 4 |  4.9
Axes           | 3 4 |  4.1

Action                   |  1- 3 |  4- 6 || total
-------------------------+-------+-------++-------
Melee: War axe           |    62 |    63 ||   125
       Headbutt          |     5 |     8 ||    13
  Use: Potion            |       |     3 ||     3
Armor: Scale mail        |    22 |    24 ||    46
Dodge: Dodged            |    28 |    26 ||    54
Block: Buckler           |     8 |     4 ||    12

Table legend: (Time is in decaauts)
 A = Elapsed time spent in this place.
 B = Non-inter-level travel time spent in this place.
 C = Inter-level travel time spent in this place.
 D = Time resting spent in this place.
 E = Time spent auto-exploring this place.
 F = Levels seen in this place.
 G = Mean time per level.
                   A        B        C        D        E       F      G
               +--------+--------+--------+--------+--------+-----+--------+
         Total |   2784 |   2691 |     93 |      0 |   2260 |   4 |  696.0 |
       Dungeon |   2784 |   2691 |     93 |      0 |   2260 |   4 |  696.0 |
               +--------+--------+--------+--------+--------+-----+--------+

Top non-repeatable levels by time:
     D:1: 842 daAuts
     D:3: 838 daAuts
     D:4: 591 daAuts
     D:2: 513 daAuts
